 Dungeon Sprint DCSS version 0.28.0-45-g0d030f2227 (webtiles) character file.

Game seed: 16226786411188561900

4909 boopmooplesden the Severer (level 10, -19/110 HPs)
             Began as a Minotaur Berserker on Apr 17, 2022.
             Was the Champion of Trog.
             Killed from afar by Sigmund (36 damage)
             ... with a lance of force
             ... in the Dungeon (Sprint III: "The Ten Rune Challenge").
             The game lasted 00:03:48 (2777 turns).

boopmooplesden the Severer (Minotaur Berserker)     Turns: 2777, Time: 00:03:49

Health: -19/110    AC:  4    Str: 22    XL:     10   Next: 27%
Magic:  3/3        EV: 17    Int:  4    God:    Trog [******]
Gold:   39         SH:  0    Dex: 14    Spells: 9/9 levels left

rFire   . . .      SeeInvis .   s - +3 battleaxe (antimagic)
rCold   . . .      Faith    .   (shield currently unavailable)
rNeg    . . .      Spirit   .   j - +2 robe {Will+}
rPois   .          Reflect  .   (helmet restricted)
rElec   .          Harm     .   (no cloak)
rCorr   .          Rampage  .   (no gloves)
Will    +....      NoTele   +   (no boots)
Stlth   +++.......              (no amulet)
HPRegen 0.28/turn               (no ring)
MPRegen 0.08/turn               (no ring)

@: on berserk cooldown, slowed, very slow
A: horns 2, retaliatory headbutt
a: Renounce Religion, Berserk, Trog's Hand, Brothers in Arms


You were in the Dungeon.
You worshipped Trog.
Trog was exalted by your worship.
You visited 1 branch You collected 39 gold pieces.

Inventory:

Hand Weapons
 a - a +0 hand axe
 p - a +0 long sword of holy wrath
 q - a +2 hand axe of flaming
 s - a +3 antimagic battleaxe (weapon)
Armour
 b - a +0 animal skin
 j - a +2 robe of willpower (worn)
Wands
 o - a wand of flame (29)
Scrolls
 h - a scroll of blinking
 m - 2 scrolls of holy word {unknown}
 n - 3 scrolls of identify
Potions
 c - a potion of curing
 d - a potion of heal wounds
 e - a potion of haste
 f - 2 potions of magic
 g - 2 potions of berserk rage
 i - 5 potions of flight
 k - 3 potions of might
 l - 2 potions of mutation {unknown}
Miscellaneous
 r - a phial of floods


   Skills:
 + Level 16.8 Fighting
 + Level 18.0 Axes
 + Level 8.3 Armour
 + Level 11.6 Dodging
 + Level 4.9 Stealth


You had 9 spell levels left.
You didn't know any spells.
Your spell library was empty.

Dungeon Overview and Level Annotations

Branches:
Dungeon (1/1)

Altars:
Cheibriados
Dithmenos
Elyvilon
Fedhas
Gozag
Hepliaklqana
Kikubaaqudgha
Makhleb
Nemelex Xobeh
Okawaru
Qazlal
Ru
Sif Muna
Trog
Uskayaw
Vehumet
Wu Jian
Xom
Yredelemnul
Zin
The Shining One
Beogh
Jiyva
Lugonu

Annotations:
D Sigmund


Innate Abilities, Weirdness & Mutations

You have a pair of horns on your head.
You reflexively headbutt those who attack you in melee.


Message History

You feel sick.
Edmund hits you with a +1 great mace of freezing!
Edmund freezes you.
You hit Edmund.
Edmund is heavily wounded.
You feel sick. Something hits you. Edmund closely misses you.
You furiously retaliate!
You headbutt Edmund! You barely miss Edmund. You headbutt Edmund!!
Edmund is severely wounded.
You feel sick. Edmund completely misses you.
You carve Edmund like a ham!!!
Edmund is almost dead.
You feel sick. Something hits you but does no damage. Space warps around you.
Edmund misses you.
You barely miss Edmund.
Edmund is almost dead.
You feel sick. Something barely misses you.
You slash Edmund!
You kill Edmund!
Trog accepts your kill.
Your Axes skill increases to level 18!
You are no longer berserk.
You are exhausted.
You feel as though you will be slow longer.
You feel sick. Something hits you but does no damage. Space warps around you.
Things that are here:
a +1 great mace of freezing; 7 curare-tipped darts You slice something!!
You feel sick.
You are no longer poisoned.
Something hits you.
You slash something! You miss something. You headbutt something!
Something hits you! Space warps horribly around you!!
* * * LOW HITPOINT WARNING * * *
You hit something. You hit something.
You hear some strange, mumbled words.
A lance of force appears from out of thin air!
The lance of force hits you!!!
You die...

#.#§≈≈#.#.#..†##)#.#.##...≈≈#
'.#.§§#.#.#.).#.#.#.#.#...≈≈≈≈#
#.#§§.#...#...##.#.#.##...≈≈≈≈#
▓▓▓▓▓▓▓▓▓▓▓▓▓▓#.#.#.#.#.......#
##.#.#.##.......#
+.#.#.#.#.......#
##.#.#.########## ##'#####
#.@.+ #.{.# #...# #####


There were no monsters in sight!

Vanquished Creatures
  Josephine (D)
  A centaur warrior (D)
  A deep elf pyromancer (D)
  An unseen horror (D)
  Edmund (D)
  A queen bee (D)
  A shadow (D)
  A spatial vortex (D)
  2 centaurs (D)
  A necrophage (D)
  An earth elemental (D)
  A water elemental (D)
  32 killer bees (D)
  A jelly (D)
  Jessica (D)
  A wizard (D)
  A necromancer (D)
  3 humans (D)
  A kobold demonologist (D)
  A wolf (D)
  An endoplasm (D)
  2 rats (D)
57 creatures vanquished.

Notes
Turn   | Place    | Note
-------+----------+-------------------------------------------
     0 | D        | boopmooplesden the Minotaur Berserker began the quest for
                  | the Orb.
     0 | D        | Reached XP level 1. HP: 19/19 MP: 0/0
     4 | D        | Reached skill level 4 in Axes
     9 | D        | Noticed Jessica
    13 | D        | Reached ** piety under Trog
    15 | D        | Killed Jessica
    16 | D        | Reached skill level 5 in Fighting
    16 | D        | Reached skill level 5 in Axes
    16 | D        | Reached XP level 2. HP: 11/30 MP: 1/1
    16 | D        | Reached XP level 3. HP: 14/37 MP: 2/2
   231 | D        | Reached skill level 6 in Axes
   452 | D        | Noticed a water elemental
   459 | D        | Killed a water elemental
   459 | D        | Reached *** piety under Trog
   460 | D        | Reached skill level 8 in Axes
   460 | D        | Reached XP level 4. HP: 48/48 MP: 3/3
   664 | D        | Found a radiant altar of Vehumet.
   666 | D        | Found a shimmering blue altar of Sif Muna.
   666 | D        | Found an ancient bone altar of Kikubaaqudgha.
   666 | D        | Noticed a wizard
   667 | D        | Killed a wizard
   668 | D        | Reached XP level 5. HP: 53/53 MP: 4/4
   804 | D        | Found a basalt altar of Yredelemnul.
   804 | D        | Found a shadowy altar of Dithmenos.
   804 | D        | Found a sacrificial altar of Ru.
   804 | D        | Noticed a necrophage
   807 | D        | Killed a necrophage
   807 | D        | Reached **** piety under Trog
   808 | D        | Reached skill level 9 in Axes
   808 | D        | Reached skill level 5 in Armour
   808 | D        | Reached skill level 5 in Dodging
   808 | D        | Reached skill level 1 in Stealth
   811 | D        | Reached skill level 10 in Axes
   811 | D        | Reached XP level 6. HP: 64/64 MP: 5/5
   888 | D        | Found a hide-covered altar of Uskayaw.
   888 | D        | Found an iron altar of Okawaru.
   890 | D        | Found a bloodstained altar of Trog.
   890 | D        | Found an ornate altar of the Wu Jian Council.
   890 | D        | Noticed a human
   890 | D        | Noticed a human
   895 | D        | Killed a human
   896 | D        | Reached skill level 10 in Fighting
   896 | D        | Reached skill level 11 in Axes
   899 | D        | Killed a human
   900 | D        | Reached XP level 7. HP: 59/74 MP: 6/6
  1049 | D        | Found a glowing silver altar of Zin.
  1050 | D        | Found a glowing golden altar of the Shining One.
  1050 | D        | Found a white marble altar of Elyvilon.
  1050 | D        | Noticed a deep elf pyromancer
  1055 | D        | Killed a deep elf pyromancer
  1056 | D        | Reached skill level 13 in Axes
  1069 | D        | Noticed a shadow
  1074 | D        | Reached ***** piety under Trog
  1078 | D        | Killed a shadow
  1079 | D        | Reached XP level 8. HP: 52/86 MP: 7/7
  1200 | D        | Found a blossoming altar of Fedhas.
  1200 | D        | Found a stormy altar of Qazlal.
  1200 | D        | Found a snail-covered altar of Cheibriados.
  1200 | D        | Found a burning altar of Makhleb.
  1200 | D        | Found a shimmering altar of Xom.
  1201 | D        | Found a hazy altar of Hepliaklqana.
  1201 | D        | Found an opulent altar of Gozag.
  1201 | D        | Found a sparkling altar of Nemelex Xobeh.
  1201 | D        | Found a corrupted altar of Lugonu.
  1201 | D        | Found a viscous altar of Jiyva.
  1210 | D        | Received a gift from Trog
  1211 | D        | Reached skill level 14 in Axes
  1351 | D        | Noticed Josephine
  1361 | D        | Killed Josephine
  1362 | D        | Reached skill level 15 in Axes
  1580 | D        | Reached XP level 9. HP: 96/96 MP: 8/8
  1624 | D        | Noticed a centaur warrior
  1634 | D        | Killed a centaur warrior
  1635 | D        | Reached skill level 15 in Fighting
  1635 | D        | Reached skill level 16 in Axes
  1748 | D        | Killed an unseen horror
  1923 | D        | Noticed a queen bee
  1926 | D        | Received a gift from Trog
  1943 | D        | Reached skill level 10 in Dodging
  2290 | D        | Reached skill level 17 in Axes
  2293 | D        | Received a gift from Trog
  2299 | D        | Reached ****** piety under Trog
  2310 | D        | Received a gift from Trog
  2311 | D        | Reached XP level 10. HP: 107/107 MP: 9/9
  2484 | D        | Received a gift from Trog
  2761 | D        | Noticed Sigmund
  2761 | D        | Noticed Edmund
  2771 | D        | Killed Edmund
  2772 | D        | Reached skill level 18 in Axes
  2777 | D        | Killed from afar by Sigmund

Illustrated notes

Levels and vault maps discovered:
D:        dungeon_sprint_mu [sprint_mu_entry_forest, sprint_mu_temple_rooms,
          sprint_mu_d1_horrors, sprint_mu_d2_genie, sprint_mu_d3_branching,
          sprint_mu_orc_legion, sprint_mu_elf_gauntlet, sprint_mu_hive_nellie,
          sprint_mu_lair_fedhas, sprint_mu_vaults_butterflies,
          sprint_mu_slime_circle, sprint_mu_swamp_cave, sprint_mu_snake_twists,
          sprint_mu_blade_basic, sprint_mu_crypt_lich, sprint_mu_tomb_spiral,
          sprint_mu_vestibule_basic, sprint_mu_gehenna_hellfire,
          sprint_mu_dis_giant, sprint_mu_tartarus_statrot,
          sprint_mu_cocytus_islands, sprint_mu_zot1]

Skill      XL: |  1  2  3  4  5  6  7  8  9 10 |
---------------+-------------------------------+-----
Fighting       | 5 7 8 9 11 13 14 16 | 16.8
Axes           | 5 8 10 11 13 15 17 18 | 18.0
Armour         | 3 4 5 6 7 8 |  8.3
Dodging        | 3 4 5 6 7 8 10 11 | 11.6
Stealth        | 1 2 3 4 |  4.9

Action                   |  1- 3 |  4- 6 |  7- 9 | 10-12 || total
-------------------------+-------+-------+-------+-------++-------
Melee: Hand axe          |    21 |    15 |    93 |     2 ||   131
       Headbutt          |     5 |     4 |    17 |     6 ||    32
       Punch             |       |     1 |       |       ||     1
       Battleaxe         |       |       |       |    38 ||    38
Invok: Berserk           |     3 |     3 |     7 |     2 ||    15
       Trog's Hand       |       |       |     1 |       ||     1
  Use: Potion            |       |       |     1 |       ||     1
Armor: Robe              |     5 |       |    11 |     4 ||    20
Dodge: Dodged            |     7 |     3 |    55 |    35 ||   100
